Map: Deathaura LE

Players

A.I. 1 (Very Easy)

  • Race: Protoss Protoss
  • Spawn Location: 11:00

SveinSoot - Winner!

  • Race: Protoss Protoss
  • Spawn Location: 5:00

VOD

Have the link to the VOD?

Description

Time

  • Played on: Dec. 13, 2020, 7:42 p.m.
  • Length: 16:31
Show
View Real Time Build Order
Export as new Build Order

A.I. 1 (Very Easy) Protoss 

Build Orders:  

Get SALT Encoding   

  12  0:00  Probe  
  13  0:13  Probe  
  14  0:20  Pylon  
  14  0:36  Assimilator  
  14  0:43  Gateway  
  14  0:47  Pylon  
  14  1:14  Assimilator  
  14  1:24  Probe  
  14  1:32  Probe  
  15  1:33  Zealot  
  15  1:35  Cybernetics Core  
  18  1:40  Probe  
  19  1:50  Probe  
  20  2:00  Probe  
  21  2:08  Probe  
  21  2:11  Warp Gate  
  22  2:45  Stalker  
  24  7:16  Probe  
  24  7:21  Adept  
  27  7:23  Pylon  
  27  7:24  Probe  
  27  7:26  Robotics Facility  
  27  7:27  Nexus  
  28  7:33  Probe  
  29  7:41  Probe  
  29  7:49  Probe  
  29  7:50  Pylon  
  29  8:13  Observer  
  29  8:16  Zealot  
  30  8:27  Observer  
  31  8:40  Probe  
  32  8:47  Probe  
  33  8:49  Assimilator  
  33  8:52  Assimilator  
  33  8:54  Probe  
  34  9:01  Probe  
  35  9:09  Probe  
  36  9:11  Stalker  
  36  9:16  Probe  
  39  9:22  Probe  
  40  9:30  Probe  
  41  9:33  Probe  
  42  9:44  Probe  
  43  9:47  Probe  
  44  9:59  Probe  
  45  10:06  Probe  
  46  10:08  Stalker  
  46  10:11  Pylon  
  46  10:13  Probe  
  49  10:21  Probe  
  50  10:36  Zealot  
  50  11:03  Probe, Immortal  
  50  11:10  Pylon  
  54  11:34  Stalker  
  54  12:03  Stalker  
  54  12:32  Stalker  
  56  12:40  Warp Prism  
  58  12:55  Robotics Bay  
  58  12:58  Pylon  
  58  13:01  Zealot  
  60  13:05  Gateway  
  60  13:08  Stargate  
  60  13:16  Observer  
  61  13:30  Stalker  
  61  13:32  Gravitic Boosters  
  63  13:37  Warp Prism  
  65  13:48  Pylon  
  65  13:58  Zealot  
  67  14:09  Gateway  
  67  14:17  Gravitic Drive  
  67  14:27  Stalker  
  69  14:35  Nexus  
  55  14:58  Stalker  
  45  15:16  Probe  
  20  15:21  Void Ray  
  22  15:28  Probe  
  22  15:40  Probe  
  21  15:48  Probe  
  8  15:59  Zealot  
Show
View Real Time Build Order
Export as new Build Order

SveinSoot Protoss - Winner!

Build Orders:  

Get SALT Encoding   

  12  0:00  Probe  
  13  0:12  Probe  
  14  0:17  Pylon  
  14  0:30  Probe  
  15  0:37  Gateway  
  15  0:45  Probe  
  16  0:53  Assimilator  
  16  0:55  Assimilator  
  16  0:57  Probe  
  17  1:09  Probe  
  18  1:21  Probe  
  18  1:24  Cybernetics Core  
  19  1:33  Probe (Chrono Boost)  
  20  1:45  Probe (Chrono Boost)  
  21  1:50  Probe (Chrono Boost), Nexus  
  22  1:59  Pylon, Probe  
  22  2:00  Warp Gate  
  23  2:17  Probe, Stalker  
  26  2:29  Pylon, Probe  
  27  2:41  Probe  
  28  2:47  Stalker  
  30  2:53  Probe  
  31  3:02  Probe  
  33  3:05  Probe (Chrono Boost)  
  33  3:08  Robotics Facility  
  33  3:10  Gateway  
  33  3:14  Probe (Chrono Boost)  
  33  3:17  Probe (Chrono Boost)  
  35  3:23  Stalker  
  35  3:24  Probe (Chrono Boost)  
  35  3:25  Probe (Chrono Boost)  
  39  3:29  Probe (Chrono Boost)  
  39  3:32  Probe  
  41  3:40  Probe  
  42  3:44  Probe  
  43  3:50  Gateway  
  43  3:52  Probe  
  47  3:55  Observer  
  47  3:56  Probe  
  46  4:05  Probe  
  46  4:08  Probe  
  46  4:09  Pylon  
  48  4:10  Gateway  
  48  4:11  Gateway  
  48  4:14  Pylon, Gateway  
  48  4:17  Probe, Stalker  
  49  4:20  Probe, Stalker  
  54  4:29  Probe  
  59  4:31  Immortal  
  59  4:32  Probe  
  60  4:41  Probe  
  60  4:44  Probe  
  62  4:48  Assimilator  
  62  4:50  Assimilator  
  62  4:53  Probe  
  62  4:56  Stalker x2  
  62  4:57  Probe, Stalker  
  70  5:04  Pylon  
  70  5:15  Nexus  
  70  5:22  Probe x2  
  70  5:28  Stalker x2  
  74  5:31  Stalker  
  78  5:36  Pylon  
  78  5:37  Pylon  
  78  5:47  Pylon  
  78  5:54  Probe x2, Immortal  
  78  5:55  Sentry  
  78  5:56  Sentry x2  
  90  5:57  Sentry x2  
  94  6:05  Sentry  
  94  6:06  Pylon, Probe x2  
  94  6:07  Pylon  
  98  6:18  Probe x2  
  98  6:22  Pylon  
  98  6:24  Stalker  
  102  6:26  Sentry  
  102  6:28  Probe  
  102  6:30  Probe x2  
  102  6:31  Sentry  
  109  6:34  Immortal  
  109  6:39  Stalker  
  115  6:40  Probe, Stalker  
  115  6:43  Probe x2  
  120  6:48  Zealot  
  120  6:50  Stalker  
  120  6:52  Probe  
  125  6:54  Assimilator  
  125  6:55  Probe x2  
  125  6:56  Assimilator  
  127  7:04  Probe  
  127  7:07  Probe x2  
  130  7:13  Nexus  
  130  7:16  Pylon, Probe  
  130  7:19  Probe  
  130  7:20  Pylon  
  130  7:21  Stalker  
  130  7:22  Stalker x2  
  138  7:26  Stalker  
  140  7:31  Pylon  
  140  7:35  Pylon  
  140  7:36  Pylon  
  140  7:40  Probe x3  
  140  7:42  Stalker  
  140  7:43  Stalker  
  147  7:46  Stalker  
  147  7:48  Sentry x2  
  147  7:49  Sentry  
  155  7:52  Probe x3  
  155  7:55  Pylon  
  158  8:04  Probe x3  
  161  8:09  Stalker  
  161  8:10  Stalker x2  
  167  8:13  Stalker x2  
  167  8:14  Stalker  
  173  8:27  Gateway  
  173  8:28  Gateway  
  173  8:31  Gateway  
  173  8:32  Pylon  
  173  8:33  Immortal  
  173  8:34  Pylon, Stalker x2  
  179  8:37  Stalker  
  179  8:39  Sentry x2  
  179  8:40  Stalker  
  189  8:46  Assimilator  
  189  8:48  Assimilator  
  189  9:04  Nexus  
  189  9:08  Assimilator  
  190  9:11  Assimilator  
  190  9:12  Stalker x5  
  190  9:14  Pylon  
  199  9:59  Forge  
  199  10:00  Forge  
  199  10:02  Forge  
  199  10:04  Twilight Council  
  199  10:06  Robotics Bay  
  199  10:15  Gateway  
  199  10:16  Gateway x2  
  199  10:20  Gateway  
  185  10:57  Stalker x2  
  185  10:58  Stalker x5  
  193  11:16  Extended Thermal Lance  
  193  11:17  Blink  
  191  11:21  Stalker x2  
  189  11:26  Protoss Shields Level 1 (Chrono Boost), Protoss Ground Armor Level 1 (Chrono Boost), Protoss Ground Weapons Level 1 (Chrono Boost)  
  185  11:33  Stalker  
  185  11:34  Stalker x3  
  185  11:35  Stalker x3  
  177  12:05  Stalker x4  
  177  12:06  Stalker x7  
  177  12:07  Stalker x2  
  197  12:09  Nexus  
  197  12:10  Immortal  
  197  12:13  Unknown  
  195  12:16  Unknown  
  195  12:20  Pylon  
  195  12:22  Pylon  
  189  12:26  Pylon  
  189  12:29  Stalker x3  
  183  12:30  Pylon, Stalker x6  
  183  12:31  Stalker  
  183  12:32  Stalker x2  
  183  12:33  Stalker  
  183  12:34  Pylon  
  187  12:49  Immortal  
  183  12:57  Gateway  
  155  13:15  Gravitic Drive  
  155  13:17  Pylon, Charge  
  147  13:20  Robotics Facility x2  
  147  13:23  Protoss Ground Weapons Level 2 (Chrono Boost)  
  147  13:24  Protoss Ground Armor Level 2 (Chrono Boost)  
  147  13:25  Protoss Shields Level 2 (Chrono Boost)  
  139  13:29  Immortal  
  139  13:31  Stalker  
  139  13:32  Stalker x7  
  151  13:35  Zealot x3  
  151  13:36  Zealot  
  151  13:42  Zealot  
  123  14:04  Stalker x7  
  123  14:05  Stalker x4  
  123  14:07  Zealot x3  
  123  14:08  Immortal  
  154  14:12  Gravitic Boosters  
  154  14:21  Immortal x2  
  162  14:29  Stalker x4  
  170  14:32  Zealot x7  
  170  14:33  Zealot  
  170  14:34  Zealot  
  170  14:35  Stalker  
  188  14:47  Immortal, Resonating Glaives  
  192  14:55  Stalker x3  
  192  14:56  Stalker  
  200  16:08  Nexus  
  200  16:11  Assimilator  
  200  16:13  Assimilator  
  200  16:17  Pylon  
  200  16:19  Pylon  
  200  16:24  Pylon  
  200  16:26  Pylon  
  200  16:29  Pylon  
Tags
 
Matchup
PvP
Spawn Locations
Cross Positions
Add a new tag
Caveats
  • Supply blocks, unpowered buildings, or Contaminate may cause inaccurate times.
  • Supply counts are checked every 10 seconds.